 Dungeon Crawl Stone Soup version 0.31.0-4-g52a2dc7128 (webtiles) character file.

Game seed: 6149524666541750152

689 Yore the Trooper (level 7, -1/46 HPs)
             Began as a Gargoyle Fighter on Jan 21, 2024.
             Killed by divine providence
             ... invoked by an orc priest
              (14 damage)
             ... on level 5 of the Dungeon.
             The game lasted 00:05:47 (3856 turns).

Yore the Trooper (Gargoyle Fighter)                 Turns: 3856, Time: 00:05:47

Health: -1/46      AC: 12    Str: 20    XL:     7   Next: 63%
Magic:  7/7        EV:  9    Int:  8    God:
Gold:   268        SH:  4    Dex: 11    Spells: 6/6 levels left

rFire   . . .        a - +0 flail
rCold   . . .        c - +0 buckler
rNeg    + + .        b - +0 scale mail
rPois   ∞            (no helmet)
rElec   +            (no cloak)
rCorr   .            (no gloves)
SInv    .            (no boots)
Will    +....        x - amulet of the acrobat Stlth
                     n - ring of positive energy
HPRegen 0.27/turn    p - ring of willpower
MPRegen 0.10/turn

%: acrobat
@: no status effects
A: sickness immunity, AC +4, negative energy resistance 1, electricity
resistance, torment resistance 1, petrification resistance
a: no special abilities


You were on level 5 of the Dungeon.
You visited 1 branch of the dungeon, and saw 6 of its levels.

You collected 268 gold pieces.

Inventory:

Hand Weapons
 a - a +0 flail (weapon)
Missiles
 f - 22 stones (quivered)
 w - 3 javelins
Armour
 b - a +0 scale mail (worn)
 c - a +0 buckler (worn)
Jewellery
 d - a +4 ring of protection
 n - a ring of positive energy (left hand)
 p - a ring of willpower (right hand)
 r - a ring of protection from cold
 x - an amulet of the acrobat (around neck)
Scrolls
 e - 2 scrolls of identify {unknown}
 g - a scroll of fear {unknown}
 i - a scroll of brand weapon {unknown}
 k - a scroll of noise {unknown}
 l - a scroll of enchant armour {unknown}
 m - a scroll of fog {unknown}
 q - 2 scrolls of teleportation {unknown}
 s - a scroll of torment {unknown}
 u - a scroll of acquirement {unknown}
 y - a scroll of immolation {unknown}
Potions
 h - a potion of mutation {unknown}
 j - a potion of berserk rage {unknown}
 o - a potion of resistance
 t - a potion of attraction {unknown}
 v - a potion of curing {unknown}


   Skills:
 * Level 6.1 Fighting
 * Level 5.5 Maces & Flails
 + Level 4.8 Armour
 - Level 0.3 Dodging
 - Level 4.0 Shields


You had 6 spell levels left.
You didn't know any spells.
Your spell library contained the following spells:

 Spells                   Type           Power      Damage    Failure   Level
 Cause Fear               Hex            0%         N/A       100%        4
 Fireball                 Conj/Fire      0%         3d3       100%        5
 Dragon's Call            Summ           0%         N/A       100%        9


Dungeon Overview and Level Annotations

Branches:
Dungeon (6/15)
 Temple: D:4-7

Altars:
Dithmenos
Qazlal
Wu Jian

Annotations:
D:4 2 runed translucent doors, AbbaRin's ghost, amateur DEHW


Innate Abilities, Weirdness & Mutations

You are immune to sickness and miasma.
Your stone body is resilient. (AC +4)
You are immune to poison.
You resist negative energy. (rN+)
You are resistant to electric shocks. (rElec)
You are resistant to unholy torment.
You are immune to petrification.


Message History

The orc priest is almost dead.
The orc priest hits you but does no damage.
You closely miss the orc priest.
The orc priest is almost dead.
The orc priest calls upon Beogh to heal the orc priest.
The orc priest is healed somewhat.
The orc priest hits you but does no damage.
You hit the orc priest but do no damage.
The orc priest is severely wounded.
The orc priest hits you but does no damage.
You block the orc priest's attack. The orc priest hits you with a +0 club.
You block the orc priest's attack.
You closely miss the orc priest.
The orc priest is severely wounded.
The orc priest hits you but does no damage.
The orc priest hits you with a +0 dagger.
You are too injured to fight recklessly!
You are too injured to fight recklessly!
You are too injured to fight recklessly!
You hit the orc priest.
The orc priest is almost dead.
The orc priest calls upon Beogh to heal the orc priest.
The orc priest is healed somewhat.
The orc priest calls down the wrath of Beogh upon you.
You resist with some effort.
You sock the orc priest!
You kill the orc priest!
The orc priest calls down the wrath of Beogh upon you.
Beogh smites you!
* * * LOW HITPOINT WARNING * * *
You barely miss the orc priest.
The orc priest hits you but does no damage.
You sock the orc priest!
The orc priest is severely wounded.
The orc priest closely misses you.
You barely miss the orc priest.
The orc priest is severely wounded.
The orc priest mumbles some strange prayers to Beogh against you.
Beogh smites you!
You die...

.# ####+#.# ......#
..... ... #'# #.#
################o#
...............)@##
........#######...#
.######.# #...#
.#..)<#.# #...#
.#.#).#.# ##+## .#
####.# .# ..# .#
### ..


You could see an orc priest.

Vanquished Creatures
  A black bear (D:6)
  An ogre (D:5)
  A scorpion (D:5)
  2 orc priests
  2 bombardier beetles
  A jelly (D:6)
  2 hounds (D:5)
  2 iguanas (D:4)
  2 orc wizards
  A sleepcap (D:4)
  Robin (D:2)
  3 adders
  4 dart slugs
  A ribbon worm (D:3)
  8 orcs
  7 endoplasms
  A giant cockroach (D:2)
  15 goblins
  5 hobgoblins
  3 kobolds
  3 quokkas
  5 ball pythons
  5 bats
  2 frilled lizards
  2 rats
80 creatures vanquished.

Notes
Turn   | Place    | Note
-------+----------+-------------------------------------------
     0 | D:1      | Yore the Gargoyle Fighter began the quest for the Orb.
     0 | D:1      | Reached XP level 1. HP: 14/14 MP: 1/1
   137 | D:1      | Reached XP level 2. HP: 19/19 MP: 2/2
   182 | D:1      | Found a faded altar of an unknown god.
   835 | D:2      | Reached XP level 3. HP: 21/24 MP: 3/3
   883 | D:2      | Noticed Robin
   898 | D:2      | Killed Robin
  1294 | D:2      | Reached skill level 4 in Fighting
  1446 | D:3      | Reached XP level 4. HP: 22/29 MP: 4/4
  2085 | D:4      | Reached XP level 5. HP: 33/33 MP: 5/5
  2221 | D:5      | Entered Level 5 of the Dungeon
  2423 | D:4      | Reached XP level 6. HP: 37/39 MP: 6/6
  2469 | D:4      | Found a stormy altar of Qazlal.
  3233 | D:4      | Found a large runed translucent door.
  3233 | D:4      | Found a large runed translucent door.
  3234 | D:4      | Noticed AbbaRin's ghost (amateur DEHW)
  3523 | D:5      | Reached skill level 5 in Fighting
  3561 | D:5      | Found a shadowy altar of Dithmenos.
  3561 | D:5      | Found an ornate altar of the Wu Jian Council.
  3590 | D:5      | Reached skill level 5 in Maces & Flails
  3590 | D:5      | Reached XP level 7. HP: 31/44 MP: 7/7
  3836 | D:6      | Reached skill level 6 in Fighting
  3856 | D:5      | Killed from afar by an orc priest

Illustrated notes

Levels and vault maps discovered:
D:1:      nzn_arrival_crosshair, layout_basic, shapermc_ecumenical_altar_venn
D:2:      layout_basic, uniq_robin
D:3:      layout_basic
D:4:      layout_basic, mainiacjoe_overflow_cross_hatched,
          ebering_ghost_disaster_area
D:5:      layout_basic, nicolae_overflow_two_pavilions
D:6:      layout_basic, worldfamousw_hep_ancestral_shrine, uniq_duvessa

Skill      XL: |  1  2  3  4  5  6  7 |
---------------+----------------------+-----
Maces & Flails | 3 4 5 |  5.5
Fighting       | 4 5 6 |  6.1
Armour         | 4 |  4.8
Shields        | 4 |  4.0
Dodging        | |  0.3

Action                     |  1- 3 |  4- 6 |  7- 9 || total
---------------------------+-------+-------+-------++-------
  Melee: Flail             |   112 |   168 |    46 ||   326
  Throw: Stone             |       |     2 |     2 ||     4
    Use: Potion            |     1 |     2 |       ||     3
 Armour: Scale mail        |    93 |   123 |    51 ||   267
  Dodge: Dodged            |    68 |    59 |    21 ||   148
  Block: Buckler           |    33 |    31 |    10 ||    74
